 Dungeon Crawl Stone Soup version 0.18.1-47-g9310371 (webtiles) character file.

219 Krovax the Ducker (level 5, -9/53 HPs)
             Began as a Troll Berserker on June 13, 2016.
             Was a Believer of Trog.
             Mangled by an orc warrior
             ... wielding a +0 mace
              (18 damage)
             ... on level 5 of the Dungeon.
             The game lasted 00:30:56 (1434 turns).

Krovax the Ducker (Troll Berserker)                 Turns: 1434, Time: 00:30:57

Health: -9/53      AC:  7    Str: 25    XL:     5   Next: 63%
Magic:  4/4        EV: 11    Int:  3    God:    Trog [**....]
Gold:   58         SH:  6    Dex: 10    Spells: 0 memorised, 4 levels left

rFire  . . .     SeeInvis .     f - +2 dagger (drain)
rCold  . . .     Gourm    +     g - +0 robe
rNeg   . . .     Faith    .     (no shield)
rPois  .         Spirit   .     A - +2 hat
rElec  .         Dismiss  .     (no cloak)
rCorr  .         Reflect  +     (gloves unavailable)
SustAt .         Harm     .     (boots unavailable)
MR     .....                    h - +6 amulet of reflection
Stlth  +.........               (no ring)
                                (no ring)

@: not resistant to hostile enchantments, very unstealthy
A: unfitting armour, claws 3, fast metabolism 3, gourmand, regeneration 2,
shaggy fur 1, tough skin 2
a: Berserk, Trog's Hand, Burn Spellbooks, Renounce Religion


You were on level 5 of the Dungeon.
You worshipped Trog.
Trog was pleased with you.
You were not hungry.

You visited 1 branch of the dungeon, and saw 5 of its levels.

You collected 58 gold pieces.

Inventory:

Hand Weapons
 e - a +0 spear
 f - a +2 dagger of draining (weapon)
 i - a +0 falchion
 j - a +0 flail
 k - a +0 falchion
 p - a +0 hand axe
 q - a +0 dagger
 r - a +0 short sword
 s - a +0 dagger
 w - a +0 hunting sling
Missiles
 d - 4 large rocks (quivered)
 n - 19 arrows
 x - 8 stones
 z - 18 poisoned needles
Armour
 a - a +0 animal skin
 g - a +0 robe (worn)
 l - a +0 helmet
 y - a +1 pair of boots
 A - a +2 hat (worn)
Jewellery
 h - a +6 amulet of reflection (around neck)
Scrolls
 t - 2 scrolls of noise {unknown}
 u - a scroll of recharging {unknown}
 v - 2 scrolls of magic mapping {unknown}
Potions
 c - a potion of might {unknown}
 m - 2 potions of curing {unknown}
Comestibles
 b - 3 bread rations
 o - 2 beef jerkies


   Skills:
 + Level 3.3 Fighting
 + Level 1.0 Short Blades
 + Level 4.0 Dodging
 + Level 0.2 Stealth
 + Level 3.8 Unarmed Combat


You had 4 spell levels left.
You didn't know any spells.

Dungeon Overview and Level Annotations

Branches:
Dungeon (6/15)
 Temple: D:4-7

Altars:

Annotations:
D:3 Ery's ghost, amateur MiBe


Innate Abilities, Weirdness & Mutations

You are too large for most types of armour.
You have claws for hands.
Your metabolism is lightning-fast.
You like to eat raw meat.
You heal very quickly.
You are covered in fur (AC +1).
You have very tough skin (AC +2).


Message History

There is a stone staircase leading down here.
You hit the orc.
The orc is almost dead.
The orc closely misses you. The orc wizard closely misses you.
You barely miss the orc.
The orc is almost dead.
The orc warrior barely misses you. The orc hits you with a whip.
You block the orc wizard's attack.
You barely miss the orc.
The orc is severely wounded.
The orc warrior hits you with a mace! The orc closely misses you.
The orc wizard hits you but does no damage.
You hit the orc.
You kill the orc!
Trog accepts your kill. The orc warrior hits you with a mace!
* * * LOW HITPOINT WARNING * * *
The orc wizard hits you but does no damage.
The orc warrior hits you with a mace!!
You die...

#####.......##
#.........#.#
#.###.....#.# #.#
#.##.##.#
#.###....##.#
#....<...##o#
#####.#.###.#
###.#.###o#
#.......o@#
#.###.###.### #.
#.###...# #
#.......#
#####...####.
#........
#.#######.######.
#.........#####
#######..........
##


You could see an orc warrior, an orc wizard and an orc.

Vanquished Creatures
  A centaur (D:3)
  Jessica (D:2)
  A worker ant (D:5)
  A gnoll (D:1)
  2 adders (D:2)
  2 oozes
  2 worms
  A dart slug (D:2)
  A giant gecko (D:5)
  9 orcs
  2 goblins
  4 hobgoblins
  7 jackals (D:2)
  2 kobolds
  A ball python (D:1)
  4 bats
  A quokka zombie (D:5)
  2 rats (D:1)
44 creatures vanquished.

Notes
Turn   | Place    | Note
--------------------------------------------------------------
     0 | D:1      | Krovax the Troll Berserker began the quest for the Orb.
     0 | D:1      | Reached XP level 1. HP: 22/22 MP: 0/0
    58 | D:1      | Reached XP level 2. HP: 19/29 MP: 1/1
   190 | D:2      | Reached XP level 3. HP: 34/36 MP: 2/2
   228 | D:2      | Noticed Jessica
   239 | D:2      | Killed Jessica
   348 | D:2      | Reached XP level 4. HP: 44/44 MP: 3/3
   370 | D:3      | Noticed Ery's ghost (amateur MiBe)
   400 | D:2      | Reached ** piety under Trog
   408 | D:2      | Reached skill level 3 in Dodging
   971 | D:3      | Noticed a centaur
   977 | D:3      | Killed a centaur
   977 | D:3      | Reached skill level 1 in Short Blades
   977 | D:3      | Reached XP level 5. HP: 53/53 MP: 4/4
  1153 | D:3      | You fall through a shaft for 2 floors!
  1153 | D:5      | Entered Level 5 of the Dungeon
  1165 | D:5      | Reached skill level 4 in Dodging
  1404 | D:6      | Noticed an orc warrior
  1434 | D:5      | Mangled by an orc warrior

Skill      XL: |  1  2  3  4  5 |
---------------+----------------+-----
Fighting       | 3 |  3.3
Dodging        | 3 4 |  4.0
Short Blades   | 1 |  1.0
Stealth        | |  0.2
Unarmed Combat | |  3.8

Action                   |  1- 3 |  4- 6 || total
-------------------------+-------+-------++-------
Melee: Unarmed           |    22 |       ||    22
       Punch             |     1 |     4 ||     5
       Dagger            |    44 |   112 ||   156
Invok: Trog's Hand       |       |     1 ||     1
 Stab: Sleeping          |       |     1 ||     1
  Eat: Chunk             |     2 |     2 ||     4
       Bread ration      |       |     1 ||     1
       Meat ration       |       |     1 ||     1
Armor: Animal skin       |     2 |       ||     2
       Robe              |    24 |    45 ||    69
Dodge: Dodged            |    35 |    64 ||    99
Block: Other             |    13 |    58 ||    71
       Reflection        |       |     3 ||     3
